AoeStats
← T@n0 Loc0-!

Arabia

509255013Analyzed
2v2 RM · 6d ago on Sep 26, 2026· 25m 44s· 4 players
Game mode
Random Map
Map size
Medium (4 player)
Population
200
Speed
Normal
Resources
Standard
Victory
Conquest
Starting age
Dark Age
Ending age
Imperial Age
RankedLock teamsTeams togetherTeam positionsShared explorationLock speedFull tech treeHidden civsTurbo modeCheats
Victory
Defeat
🇦🇷 Ethiopians · Argentina
1116
+15
🇦🇷 Muisca · Argentina
1019
+18
🇺🇸 Ethiopians · United States
1100
-17
🇺🇸 Saracens · United States
1062
-16
T@n0 Loc0-!
4:17 Loom
10:49 Feudal Age
11:42 Champi Runner
18:17 Padded Archer Armor
18:15 Fletching
18:37 Double-Bit Axe
23:12 Castle Age
24:09 Scale Mail Armor
24:20 Forging
guarda
7:46 Loom
10:29 Feudal Age
11:07 Double-Bit Axe
15:35 Fletching
16:25 Padded Archer Armor
16:14 Horse Collar
16:45 Town Watch
22:17 Castle Age
21:06 Gold Mining
22:23 Crossbowman
23:02 Bodkin Arrow
23:26 Leather Archer Armor
PorkysFineMeats
8:29 Loom
10:59 Feudal Age
11:55 Double-Bit Axe
13:49 Fletching
21:18 Padded Archer Armor
25:28 Castle Age
23:51 Horse Collar
"Go banana"
8:53 Loom
11:16 Feudal Age
12:18 Horse Collar
12:30 Double-Bit Axe
21:10 Castle Age
19:58 Forging
19:54 Scale Barding Armor
20:03 Bloodlines
21:49 Wheelbarrow
22:22 Husbandry
Connection lost

Rejoining the realm…

Still unreachable

The connection could not be restored.

Session expired

The server has moved on; the page needs a fresh start.